 Dungeon Crawl Stone Soup version 0.17.0-18-gaab0e96 (console) character file.

13 gw the Skirmisher (level 2, -2/29 HPs)
             Began as an Ogre Warper on Nov 11, 2015.
             Slain by Sigmund
             ... wielding a +0 scythe
              (14 damage)
             ... on level 2 of the Dungeon.
             The game lasted 00:00:29 (700 turns).

gw the Skirmisher (Ogre Warper)                      Turns: 700, Time: 00:00:29

Health: -2/29      AC:  3    Str: 15    XL:     2   Next: 37%
Magic:  2/5        EV: 10    Int: 12    God:
Gold:   48         SH:  0    Dex:  9    Spells: 3 memorised, 1 level left

rFire  . . .     SeeInvis .     a - +0 mace
rCold  . . .     Clarity  .     b - +0 robe
rNeg   . . .     SustAt   .     (no shield)
rPois  .         Gourm    .     (helmet restricted)
rElec  .         Spirit   .     (no cloak)
rCorr  .         Warding  .     (gloves unavailable)
rMut   .         Stasis   .     (boots unavailable)
MR     .....                    (no amulet)
Stlth  +.........               (no ring)
                                (no ring)

@: not resistant to hostile enchantments, very unstealthy
A: unfitting armour, tough skin 1
a: no special abilities


You were on level 2 of the Dungeon.
You were not hungry.

You visited 1 branch of the dungeon, and saw 2 of its levels.

You collected 48 gold pieces.

Inventory:

Hand Weapons
 a - a +0 mace (weapon)
Missiles
 g - 10 stones (quivered)
Armour
 b - a +0 robe (worn)
Scrolls
 d - a scroll of blinking
Books
 c - a book of Spatial Translocations

   Spells                             Type                      Level
   a - Apportation                    Translocation                1
   b - Blink                          Translocation                2
   c - Shroud of Golubria             Charms/Translocation         2
   d - Portal Projectile              Translocation                3
   e - Teleport Other                 Translocation                3
   f - Passage of Golubria            Translocation                4
Comestibles
 f - 2 bread rations


   Skills:
 + Level 2.9 Fighting
 + Level 2.8 Maces & Flails
 + Level 1.1 Throwing
 + Level 2.3 Dodging
 + Level 2.7 Spellcasting
 * Level 2.3 Translocations


You had one spell level left.
You knew the following spells:

 Your Spells              Type           Power        Failure   Level  Hunger
a - Apportation           Tloc           #.........   12%         1    #......
b - Blink                 Tloc           N/A          14%         2    ###....
c - Shroud of Golubria    Chrm/Tloc      #.........   28%         2    ###....


Dungeon Overview and Level Annotations

Branches:
Dungeon (2/15)

Altars:

Annotations:
D:2 Sigmund


Innate Abilities, Weirdness & Mutations

You are too large for most types of armour.
You have tough skin (AC +1).


Message History

You swing at nothing.
Something hits you.
Unknown command.
Unknown command.
Unknown command.
Unknown command.
ATTACKING (1,0)
You swing at nothing.
Something hits you.
Unknown command.
Unknown command.
Unknown command.
Unknown command.
ATTACKING (0,-1)
You swing at nothing.
Something hits you.
Unknown command.
Unknown command.
Unknown command.
Unknown command.
ATTACKING (1,0)
You swing at nothing.
Something hits you!
You die...

+.........
#.........
####.#
#....#
#....#
#....#
####{#
#.######
#O....<#
########


There were no monsters in sight!

Table legend:
 A = Turns spent in this place as a percentage of turns spent in the entire game.
 B = Non-inter-level travel turns spent in this place as a percentage of non-inter-level travel turns spent in the entire game.
 C = Inter-level travel turns spent in this place as a percentage of turns spent in this place.
 D = Turns resting spent in this place as a percentage of non-inter-level travel turns spent in this place.
 E = Turns spent auto-exploring this place as a percentage of non-inter-level travel turns spent in this place.
 F = Non-inter-level travel turns spent in this place divided by the number of levels of this place that you've seen.
                   A       B       C       D       E      F
               +-------+-------+-------+-------+-------+----------------------
         Total | 100.0 | 100.0 |   0.1 |   2.0 |   2.7 | 351.5
       Dungeon | 100.0 | 100.0 |   0.1 |   2.0 |   2.7 | 351.5
               +-------+-------+-------+-------+-------+----------------------

Table legend:
 A = Kills in this place as a percentage of kills in entire the game.
 B = Kills by you in this place as a percentage of kills by you in the entire game.
 C = Kills by friends in this place as a percentage of kills by friends in the entire game.
 D = Other kills in this place as a percentage of other kills in the entire game.
 E = Experience gained in this place as a percentage of experience gained in the entire game.
 F = Experience gained in this place divided by the number of levels of this place that you have seen.
                   A       B       C       D       E      F
               +-------+-------+-------+-------+-------+----------------------
         Total | 100.0 | 100.0 |  -nan |  -nan | 100.0 |   9.5
       Dungeon | 100.0 | 100.0 |  -nan |  -nan | 100.0 |   9.5
               +-------+-------+-------+-------+-------+----------------------

Vanquished Creatures
  An ooze (D:1)
  3 hobgoblins (D:1)
  2 bats (D:1)
  A giant newt (D:1)
  2 rats
9 creatures vanquished.

Notes
Turn   | Place    | Note
--------------------------------------------------------------
     0 | D:1      | gw the Ogre Warper began the quest for the Orb.
     0 | D:1      | Reached XP level 1. HP: 22/22 MP: 3/3
   102 | D:1      | Reached XP level 2. HP: 29/29 MP: 5/5
   106 | D:1      | Learned a level 2 spell: Blink
   109 | D:1      | Learned a level 2 spell: Shroud of Golubria
   682 | D:2      | Noticed Sigmund
   700 | D:2      | Slain by Sigmund

Action                   || total
-------------------------++-------
Melee: Mace              ||    22
Throw: Stone             ||    14
       Tomahawk          ||     5
 Cast: Shroud of Golubri ||     8

Vault maps used:
D:1:      noname_arrival_rooms_in_the_neighbourhood, minmay_misc_feat_enclosed
D:2:      tgw_trog, nicolae_tso_carved_into_rock, uniq_sigmund, uniq_terence,
          uniq_crazy_yiuf_cottage
